 Dungeon Crawl Stone Soup version 0.30-a0-860-g512cf1e979 (webtiles) character file.

Game seed: 8586360245857409717

916 lunkers the Cutter (level 8, -7/61 HPs)
             Began as a Meteoran Warper on Mar 7, 2023.
             Was an Initiate of Gozag.
             Mangled by an orc wizard
             ... wielding a +1 dagger of electrocution
              (16 damage)
             ... on level 5 of the Dungeon.
             The game lasted 00:08:45 (2520 turns).

lunkers the Cutter (Meteoran Warper)                Turns: 2520, Time: 00:08:46

Health: -7/61      AC:  4    Str:  9    XL:     8   Next: 56%
Magic:  6/13       EV: 12    Int: 14    God:    Gozag
Gold:   762        SH:  0    Dex: 16    Spells: 3/12 levels left

rFire   + + +      SeeInvis .    a - +1 short sword (drain)
rCold   . . .      Faith    .    (no shield)
rNeg    . . .      Spirit   .    v - +1 robe of Valour {rPois rF+++ Regen+ Str-4}
rPois   +          Reflect  .    (no helmet)
rElec   .          Rampage  .    (no cloak)
rCorr   .                        f - +0 pair of gloves
Will    +....                    (no boots)
Stlth   +                        (no amulet)
HPRegen 1.10/turn                (no ring)
MPRegen 0.13/turn                (no ring)

@: very slightly contaminated, glowing
A: sense surroundings 1, otherworldly, glowing, explore regen
a: Renounce Religion, Potion Petition, Call Merchant, Bribe Branch


You were on level 5 of the Dungeon.
You worshipped Gozag.
Gozag was pleased with you.
You visited 1 branch of the dungeon, and saw 5 of its levels.
You also visited: Sewer.

You collected 762 gold pieces.

Inventory:

Hand Weapons
 a - a +1 short sword of draining (weapon)
 b - a +0 dagger of electrocution
 t - a +0 falchion of flaming
Missiles
 d - 6 boomerangs of dispersal
 p - 3 boomerangs
Armour
 f - a +0 pair of gloves (worn)
 g - the +1 robe of Niylyile {rF+ Will+ SInv Stlth-}
   (You found it on level 4 of the Dungeon)

   rF:        It protects you from fire.
   SInv:      It lets you see invisible.
   Will:      It increases your willpower.
   Stlth:     It makes you less stealthy.
 l - a +0 buckler
 u - a +4 scale mail
 v - the +1 robe of Valour (worn) {rPois rF+++ Regen+ Str-4}
   (You found it on level 4 of the Dungeon)

   Str:       It affects your strength (-4).
   rF:        It renders you almost immune to fire.
   rPois:     It protects you from poison.
   Regen:     It increases your rate of health regeneration.
Scrolls
 c - 9 scrolls of blinking
 h - 5 scrolls of teleportation
 r - a scroll of magic mapping
Potions
 e - a potion of resistance
 i - a potion of mutation
 j - a potion of invisibility {unknown}
 k - 2 potions of curing
 m - a potion of attraction {unknown}
 n - 2 potions of lignification
 q - a potion of cancellation {unknown}
 s - 2 potions of brilliance {unknown}


   Skills:
 - Level 2.1 Fighting
 * Level 6.4(7.0) Short Blades
 - Level 4.8(6.6) Long Blades
 - Level 1.2 Throwing
 - Level 1.2 Armour
 - Level 2.4 Dodging
 - Level 2.6 Spellcasting
 + Level 6.3 Translocations
 - Level 4.0 Air Magic


You had 3 spell levels left.
You knew the following spells:

 Your Spells              Type           Power      Damage    Failure   Level
b - Vhi's Electric Charg  Tloc/Air       32%        N/A       8%          3
c - Manifold Assault      Tloc           19%        N/A       16%         4
p - Blink                 Tloc           38%        N/A       2%          2

Your spell library contained the following spells:

 Spells                   Type           Power      Damage    Failure   Level
 Lesser Beckoning         Tloc           38%        N/A       2%          2
 Teleport Other           Tloc           19%        N/A       4%          3
 Animate Armour           Summ/Erth      2%         N/A       91%         4
 Blade Hands              Tmut           0%         N/A       99%         5
 Iron Shot                Conj/Erth      0%         9d1       100%        6


Dungeon Overview and Level Annotations

Branches:
Dungeon (5/15) Zot: 623    Temple (0/1) D:5           Sewer (visited)

Altars:
Gozag
Ru


Innate Abilities, Weirdness & Mutations

You passively map a small area around you.
You are easily found by Zot.
You glow in the dark.
You regain HP and MP as you explore.


Message History

Casting: Manifold Assault (dangerous; 16% risk of failure)
Confirm with . or Enter, or press ? or * to list all spells.
Space momentarily warps into an impossible shape!
You barely miss the orc. x2
Unknown command.
Unknown command.
You hit the orc. You drain the orc.
You kill the orc!
Casting: Manifold Assault (dangerous; 16% risk of failure)
Confirm with . or Enter, or press ? or * to list all spells.
You miscast Manifold Assault.
You are very lightly contaminated with residual magic.
Nothing appears to happen.
Unknown command.
Unknown command.
You closely miss the orc. The orc hits you but does no damage.
You hit the orc. You drain the orc.
You kill the orc!
Something hits you.
* * * LOW HITPOINT WARNING * * *
Items here: $ )))) [.
You hit something. Something hits you.
* * * LOW HITPOINT WARNING * * *
You are electrocuted!
* * * LOW HITPOINT WARNING * * *
You hit something but do no damage. Something hits you.
* * * LOW HITPOINT WARNING * * *
You feel better. Something hits you.
* * * LOW HITPOINT WARNING * * *
You hit something. You hit something. Something hits you.
* * * LOW HITPOINT WARNING * * *
You closely miss something. Something hits you.
* * * LOW HITPOINT WARNING * * *
You miss something. You hit something but do no damage. Something hits you.
* * * LOW HITPOINT WARNING * * *
You are electrocuted!
You die...
Your body crumbles into a pile of gold.

, , * .# $*...
. .. ,, ._.
..,, #. , ...
,* , ..., .. *
#.# , ..o. #.
, * ...
.....*#.
#.####.####.#
$.....#o
,#.....{.....#
** #... *
#@###* * ###.
* #.#.# * $ #.
* #...# * * #.
####..# *####
*, #....## ,
,.... * *,
#.....# *####
#.....# , .
###..⌠..# *# ,
#.......# ,,


There were no monsters in sight!

Vanquished Creatures
  Pargi (Sewer)
  An ogre (D:5)
  A phantom (D:4)
  Blork the orc (D:4)
  2 scorpions
  2 hounds
  2 jellies (D:4)
  An orc priest (D:3)
  Jessica (D:3)
  Terence (D:3)
  An iguana (D:4)
  2 orc wizards (D:4)
  11 adders
  A river rat (D:3)
  2 worms
  2 dart slugs
  15 orcs
  5 ball pythons
  11 endoplasms
  4 giant cockroaches
  8 goblins
  3 hobgoblins
  2 jackals (D:2)
  2 quokkas (D:3)
  5 bats
  5 frilled lizards
  5 kobolds
  8 rats
105 creatures vanquished.

Vanquished Creatures (others)
  A plant (D:2)
1 creature vanquished.

Grand Total: 106 creatures vanquished

Notes
Turn   | Place    | Note
-------+----------+-------------------------------------------
     0 | D:1      | lunkers the Meteoran Warper began the quest for the Orb.
     0 | D:1      | Reached XP level 1. HP: 17/17 MP: 5/5
    66 | D:1      | Reached XP level 2. HP: 21/24 MP: 6/6
   257 | D:1      | Reached XP level 3. HP: 26/29 MP: 8/8
   313 | D:1      | Found a faded altar of an unknown god.
   336 | D:1      | Prayed at the altar of an unknown god.
   336 | D:1      | Became a worshipper of Gozag Ym Sagoz the Greedy
   490 | D:1      | Glimpsed the power of Zot.
   724 | D:2      | Reached XP level 4. HP: 31/36 MP: 9/9
   727 | D:2      | Learned a level 2 spell: Blink
   731 | D:2      | Learned a level 3 spell: Vhi's Electric Charge
  1086 | D:2      | Glimpsed the power of Zot.
  1121 | D:3      | Reached skill level 1 in Short Blades
  1121 | D:3      | Reached skill level 1 in Air Magic
  1121 | D:3      | Reached XP level 5. HP: 36/41 MP: 10/10
  1201 | D:3      | Noticed Jessica
  1202 | D:3      | Noticed Terence
  1244 | D:3      | Killed Terence
  1245 | D:3      | Reached XP level 6. HP: 48/48 MP: 11/11
  1247 | D:3      | Killed Jessica
  1402 | D:3      | Found a glowing drain.
  1406 | Sewer    | Entered a sewer
  1445 | Sewer    | Noticed Pargi
  1463 | Sewer    | Killed Pargi
  1464 | Sewer    | Reached XP level 7. HP: 39/55 MP: 12/12
  1641 | D:3      | Learned a level 4 spell: Manifold Assault
  1795 | D:4      | Reached skill level 5 in Translocations
  1811 | D:4      | Noticed Blork the orc
  1832 | D:4      | Killed Blork the orc
  1935 | D:4      | Identified the +1 robe of Niylyile {rF+ Will+ SInv Stlth-}
  2035 | D:4      | Reached skill level 5 in Short Blades
  2035 | D:4      | Reached XP level 8. HP: 31/61 MP: 13/13
  2103 | D:4      | Identified the +1 robe of Valour {rPois rF+++ Regen+ Str-4}
  2251 | D:5      | Entered Level 5 of the Dungeon
  2268 | D:5      | Found a staircase to the Ecumenical Temple.
  2487 | D:5      | Found a sacrificial altar of Ru.
  2520 | D:5      | Mangled by an orc wizard

Illustrated notes

Levels and vault maps discovered:
D:1:      dpeg_arrival_solitude, layout_basic,
          dreamdust_ecumenical_altar_statues, serial_bayou_pond_b
D:2:      layout_basic, serial_forest, infiniplex_forest_lined_4_way,
          infiniplex_forest_clump_large, infiniplex_forest_clump_cross,
          infiniplex_forest_end_1, infiniplex_forest_lined_1,
          kennysheep_generic_room_6
D:3:      layout_basic, gammafunk_temple_overflow_wave, gup_sewer_entry_spiral,
          uniq_jessica, uniq_ijyb, uniq_terence
D:4:      layout_cave_pools, uniq_blork_the_orc
D:5:      layout_rooms, nicolae_ru_sacrificial_ziggurat,
          mainiacjoe_overflow_chevrons, temple_green, serial_shops,
          nicolae_stop_n_shop_2, serial_co_window_serial,
          co_window_of_opportunity_a, co_window_paths_b,
          co_window_of_opportunity_a, co_window_paths_a, co_window_paths_b,
          co_window_corner_a, co_window_cross_1, co_window_unsneaky_path_c,
          co_window_2corner, co_window_corner_cb, co_window_2corner,
          co_window_paths_e, glass_columns_b, glass_columns_a,
          solitary_fountain, uniq_pikel

Skill      XL: |  1  2  3  4  5  6  7  8 |
---------------+-------------------------+-----
Long Blades    | 3 4 |  4.8
Short Blades   | 1 2 3 5 6 |  6.4
Air Magic      | 1 2 3 4 |  4.0
Translocations | 4 5 6 |  6.3
Fighting       | |  2.1
Throwing       | |  1.2
Armour         | |  1.2
Dodging        | |  2.4
Spellcasting   | |  2.6

Action                     |  1- 3 |  4- 6 |  7- 9 || total
---------------------------+-------+-------+-------++-------
  Melee: Falchion          |    97 |    26 |       ||   123
         Punch             |     1 |       |     2 ||     3
         Dagger            |       |    94 |   167 ||   261
         Short sword       |       |       |    38 ||    38
  Throw: Boomerang         |     1 |       |       ||     1
   Cast: Vhi's Electric Ch |       |       |     4 ||     4
         Manifold Assault  |       |       |     4 ||     4
    Use: Scroll            |       |     4 |     6 ||    10
         Potion            |       |     2 |     2 ||     4
 Armour: Leather armour    |    36 |    43 |    16 ||    95
         Robe              |       |       |    31 ||    31
  Dodge: Dodged            |    59 |    69 |    61 ||   189

Table legend: (Time is in decaauts)
 A = Elapsed time spent in this place.
 B = Non-inter-level travel time spent in this place.
 C = Inter-level travel time spent in this place.
 D = Time resting spent in this place.
 E = Time spent auto-exploring this place.
 F = Levels seen in this place.
 G = Mean time per level.
                   A        B        C        D        E       F      G
               +--------+--------+--------+--------+--------+-----+--------+
         Total |   2544 |   2379 |    165 |      0 |   1296 |   6 |  424.0 |
       Dungeon |   2376 |   2211 |    165 |      0 |   1223 |   5 |  475.2 |
         Sewer |    167 |    167 |      0 |      0 |     73 |   1 |  167.0 |
               +--------+--------+--------+--------+--------+-----+--------+

Top non-repeatable levels by time:
     D:2: 597 daAuts
     D:3: 564 daAuts
     D:1: 525 daAuts
     D:4: 523 daAuts
   Sewer: 167 daAuts
     D:5: 164 daAuts
